 Dungeon Crawl Stone Soup version 0.27-a0-364-g31b3477d74 (webtiles) character file.

Game seed: 1956763609330754769

26 tilp the Sneak (level 3, -3/23 HPs)
             Began as an Octopode Transmuter on Feb 16, 2021.
             Slain by a quokka (5 damage)
             ... on level 1 of the Dungeon.
             The game lasted 00:01:20 (1411 turns).

tilp the Sneak (Octopode Transmuter)                Turns: 1411, Time: 00:01:21

Health: -3/23      AC:  1    Str:  9    XL:     3   Next: 8%
Magic:  6/6        EV: 13    Int: 16    God:
Gold:   4          SH:  0    Dex: 12    Spells: 3/6 levels left

rFire    . . .     SeeInvis .     - Unarmed
rCold    . . .     Faith    .   (no shield)
rNeg     . . .     Spirit   .   (helmet currently unavailable)
rPois    .         Reflect  .   (no amulet)
rElec    .         Harm     .   (no ring)
rCorr    .         Rampage  .   (no ring)
Will     .....                  (no ring)
Stlth    +++.......             (no ring)
HPRegen  0.07/turn              (no ring)
MPRegen  0.10/turn              (no ring)
                                (no ring)
                                (no ring)

@: appendages (expiring)
A: almost no armour, stealthy swim, amphibious, 8 rings, constrict 8, tentacle
spike 3, camouflage 1, gelatinous body 1
a: End Transformation


You were on level 1 of the Dungeon.
One of your tentacles had a temporary spike.
You visited 1 branch of the dungeon, and saw 2 of its levels.

You collected 4 gold pieces.

Inventory:

Missiles
 b - 9 stones
 e - 17 poisoned darts (quivered)
Scrolls
 f - a scroll of teleportation {unknown}
 g - a scroll of enchant armour {unknown}
Potions
 a - a potion of heal wounds {unknown}
 c - a potion of berserk rage {unknown}
 d - 2 potions of flight {unknown}


   Skills:
 - Level 1.0 Fighting
 - Level 2.0 Dodging
 + Level 3.9 Stealth
 - Level 3.0 Unarmed Combat
 - Level 2.0 Spellcasting
 - Level 2.0 Transmutations


You had 3 spell levels left.
You knew the following spells:

 Your Spells              Type           Power        Failure   Level
a - Beastly Appendage     Tmut           16%          9%          1
b - Wereblood             Tmut           8%           14%         2

Your spell library contained the following spells:

 Spells                   Type           Power        Failure   Level
 Spider Form              Tmut/Pois      2%           38%         3
 Ice Form                 Ice/Tmut       4%           80%         4
 Blade Hands              Tmut           4%           94%         5


Dungeon Overview and Level Annotations

Branches:
Dungeon (2/15)

Altars:

Annotations:
D:2 Natasha


Innate Abilities, Weirdness & Mutations

You cannot wear most types of armour.
You are very stealthy in the water. (Stealth+)
You are amphibious.
You can wear up to eight rings at the same time.
You can use your tentacles to constrict eight enemies at once.
Your skin changes colour to match your surroundings (Stealth+).
Your rubbery body absorbs attacks. (AC +1, EV +1)
One of your tentacles bears a large vicious spike.


Message History

Done exploring.
Okay, then.
(D) Dungeon
Where to? (? - help)
There is a stone staircase leading down here.
You climb downwards.
A quokka comes into view.
There is a stone staircase leading up here.
A quokka is nearby!
Casting: Wereblood (safe; 14% risk of failure)
Confirm with . or Enter, or press ? or * to list all spells.
One of your tentacles grows a vicious spike.
A hobgoblin and Natasha come into view.
Found an escape hatch in the floor.
A leopard gecko and a kobold come into view.
Found a helmet.
You tentacle-slap the quokka. Your grab misses the quokka.
The quokka is severely wounded.
The kobold shouts!
You hear a shout! x3
The quokka bites you.
The hobgoblin shouts!
The leopard gecko hisses angrily.
You tentacle-slap the quokka but do no damage.
Your grab misses the quokka.
The quokka is severely wounded.
The quokka barely misses you.
Natasha stares at you and mumbles some strange words.
The magic dart hits you! The quokka bites you.
* * * LOW HITPOINT WARNING * * *
Your transformation is almost over.
There is a stone staircase leading up here.
The quokka bites you.
* * * LOW HITPOINT WARNING * * *
You climb upwards.
There is a stone staircase leading down here.
Unknown command.
You miss the quokka. Your grab misses the quokka.
Your tentacle spike misses the quokka.
You squeeze the quokka.
The quokka is almost dead.
The quokka bites you.
You die...

#.......# #.#..........
##.......####.#.#####.###
#.............#.# #.##
#...............## #..#
#................#####.##
#.........####.###.......
#................#.######
#.####.#.r####.#.#.#.....
#.####.#@........#.#.####
#......#..#....#.#.#.#...
###.......##.#.#.#.#.#.##
#.####)###.#.#.#.#.#.#.
#.#........#.#...#...#.
#.#.##.....#.#.#.#.#.#.
#.#.#......#.#.#.#.#.##
#.#.#......#.#.#.#.#...
#.#.#......#.#.#.#.####


You could see a quokka.

Vanquished Creatures
  A dart slug (D:1)
  2 bats (D:1)
  A giant cockroach (D:1)
  6 goblins (D:1)
  3 hobgoblins (D:1)
  3 frilled lizards (D:1)
  6 kobolds (D:1)
  2 rats (D:1)
24 creatures vanquished.

Notes
Turn   | Place    | Note
-------+----------+-------------------------------------------
     0 | D:1      | tilp the Octopode Transmuter began the quest for the Orb.
     0 | D:1      | Reached XP level 1. HP: 13/13 MP: 3/3
    86 | D:1      | Reached skill level 1 in Stealth
   488 | D:1      | Reached XP level 2. HP: 18/18 MP: 3/5
   491 | D:1      | Learned a level 2 spell: Wereblood
  1184 | D:1      | Reached XP level 3. HP: 23/23 MP: 6/6
  1403 | D:2      | Noticed Natasha
  1411 | D:1      | Slain by a quokka

Illustrated notes

Levels and vault maps discovered:
D:1:      matt_arrival_refuge, layout_basic
D:2:      layout_rooms, overflow_temple_1_default,
          gammafunk_temple_overflow_elements, minmay_hexomino_u4, uniq_sigmund,
          uniq_natasha, uniq_terence

Skill      XL: |  1  2 |
---------------+-------+-----
Stealth        | 2 3 |  3.9
Fighting       | |  1.0
Dodging        | |  2.0
Unarmed Combat | |  3.0
Spellcasting   | |  2.0
Transmutations | |  2.0

Action                   || total
-------------------------++-------
Melee: Unarmed           ||    54
       Constrict         ||    16
       Kick              ||     7
       Tentacles         ||     4
       Punch             ||     1
 Cast: Beastly Appendage ||    10
       Wereblood         ||     3
 Stab: Sleeping          ||     2
Armor: Skin              ||     1
Dodge: Dodged            ||    27

Table legend: (Time is in decaauts)
 A = Elapsed time spent in this place.
 B = Non-inter-level travel time spent in this place.
 C = Inter-level travel time spent in this place.
 D = Time resting spent in this place.
 E = Time spent auto-exploring this place.
 F = Levels seen in this place.
 G = Mean time per level.
                   A        B        C        D        E       F      G
               +--------+--------+--------+--------+--------+-----+--------+
         Total |   1407 |   1382 |     25 |    273 |    952 |   2 |  703.5 |
       Dungeon |   1407 |   1382 |     25 |    273 |    952 |   2 |  703.5 |
               +--------+--------+--------+--------+--------+-----+--------+

Top non-repeatable levels by time:
     D:1: 1399 daAuts
     D:2: 8 daAuts
